 Dungeon Crawl Stone Soup version 0.29.1-15-g9cfb28693d (webtiles) character file.

Game seed: 10211764560071560149

1018 javelincjr the Caller (level 8, -5/58 HPs)
             Began as a Gnoll Summoner on Apr 12, 2023.
             Was an Initiate of Sif Muna.
             Killed from afar by a steam dragon (20 damage)
             ... with a ball of steam
             ... on level 6 of the Dungeon.
             The game lasted 00:30:43 (6980 turns).

javelincjr the Caller (Gnoll Summoner)              Turns: 6980, Time: 00:30:44

Health: -5/58      AC:  8    Str: 17    XL:     8   Next: 22%
Magic:  11/17      EV: 14    Int: 14    God:    Sif Muna [......]
Gold:   362        SH:  0    Dex: 12    Spells: 7/19 levels left

rFire   . . .      SeeInvis .   c - +1 rapier
rCold   . . .      Faith    +   (no shield)
rNeg    . . .      Spirit   .   a - +0 robe
rPois   .          Reflect  .   y - +0 helmet
rElec   .          Harm     .   u - +0 cloak
rCorr   .          Rampage  .   (no gloves)
Will    .....                   (no boots)
Stlth   +++.......              B - amulet of faith
HPRegen 0.19/turn               h - +6 ring of strength
MPRegen 0.15/turn               q - +4 ring of protection

@: no status effects
A: fangs 1, strong nose, distributed training
a: Renounce Religion


You were on level 6 of the Dungeon.
You worshipped Sif Muna.
Sif Muna was noncommittal.
You visited 1 branch of the dungeon, and saw 6 of its levels.

You collected 362 gold pieces.

Inventory:

Hand Weapons
 c - a +1 rapier (weapon)
Armour
 a - a +0 robe (worn)
 u - a +0 cloak (worn)
 y - a +0 helmet (worn)
Jewellery
 h - a +6 ring of strength (left hand)
 m - a ring of fire
 q - a +4 ring of protection (right hand)
 s - a +6 ring of dexterity
 v - a +4 ring of evasion
 B - an amulet of faith (around neck)
 C - the amulet "Kadaal Rel" {Spirit Harm Int-2 Dex+6 Slay+6 SInv}
   (You found it on level 5 of the Dungeon)

   [amulet of guardian spirit]

   It causes incoming damage to be divided between your reserves of health and
   magic.
   Int:       It affects your intelligence (-2).
   Dex:       It affects your dexterity (+6).
   Slay:      It affects your accuracy & damage with ranged weapons and melee
   (+6).
   SInv:      It lets you see invisible.
   Harm:      It increases damage dealt and taken.
Wands
 n - a wand of digging (1)
 t - a wand of light (12)
 E - a wand of flame (17)
Scrolls
 d - 2 scrolls of enchant weapon
 g - 2 scrolls of immolation {unknown}
 k - 4 scrolls of teleportation {unknown}
 o - 3 scrolls of identify {unknown}
 r - a scroll of brand weapon {unknown}
 w - a scroll of silence {unknown}
 z - a scroll of butterflies {unknown}
 D - a scroll of summoning {unknown}
 F - a scroll of torment {unknown}
 G - a scroll of noise {unknown}
Potions
 b - 2 potions of magic
 e - 2 potions of berserk rage {unknown}
 f - 2 potions of curing
 i - 3 potions of might {unknown}
 j - 3 potions of haste {unknown}
 l - a potion of attraction {unknown}
 p - 2 potions of heal wounds {unknown}
 x - 2 potions of degeneration {unknown}
 A - a potion of mutation {unknown}


   Skills:
 + Level 3.2 Fighting
 + Level 3.2 Short Blades
 + Level 3.2 Long Blades
 + Level 3.2 Axes
 + Level 3.2 Maces & Flails
 + Level 3.2 Polearms
 + Level 3.2 Staves
 + Level 3.2 Ranged Weapons
 + Level 3.2 Throwing
 + Level 3.2 Armour
 + Level 5.6 Dodging
 + Level 5.3 Stealth
 + Level 3.2 Shields
 + Level 3.2 Unarmed Combat
 + Level 6.0 Spellcasting
 + Level 2.6 Conjurations
 + Level 2.6 Hexes
 + Level 7.6 Summonings
 + Level 2.6 Necromancy
 + Level 2.6 Translocations
 + Level 2.6 Transmutations
 + Level 2.6 Fire Magic
 + Level 2.6 Ice Magic
 + Level 2.6 Air Magic
 + Level 2.6 Earth Magic
 + Level 2.6 Poison Magic
 + Level 3.5 Invocations
 + Level 3.2 Evocations


You had 7 spell levels left.
You knew the following spells:

 Your Spells              Type           Power      Damage    Failure   Level
a - Summon Small Mammal   Summ           100%       N/A       1%          1
b - Call Imp              Summ           25%        N/A       1%          2
c - Call Canine Familiar  Summ           25%        N/A       1%          3
d - Summon Guardian Gole  Hex/Summ       18%        N/A       6%          3
e - Inner Flame           Hex/Fire       11%        N/A       16%         3

Your spell library contained the following spells:

 Spells                   Type           Power      Damage    Failure   Level
 Summon Lightning Spire   Summ/Air       18%        N/A       19%         4
 Cause Fear               Hex            5%         N/A       47%         4
 Discord                  Hex            5%         N/A       100%        8


Dungeon Overview and Level Annotations

Branches:
Dungeon (6/15)
 Temple: D:4-7

Altars:
Elyvilon
Okawaru
Sif Muna
Uskayaw

Shops:
D:6 *


Innate Abilities, Weirdness & Mutations

You have very sharp teeth.
Your uncanny sense of smell can sniff out nearby items.
Your experience applies equally to all skills.


Message History

Your hound bites the steam dragon.
You continue putting on your amulet of faith.
Your hound bites the steam dragon but does no damage.
The steam dragon breathes steam at you. The ball of steam hits your hound!
Keep equipping yourself?
The ball of steam hits you!
You continue putting on your amulet of faith.
You are engulfed in a cloud of scalding steam.
Your hound is engulfed in a cloud of scalding steam.
Your hound bites the steam dragon but does no damage.
The steam dragon completely misses your hound.
The steam dragon claws your hound.
Your hound dies!
Your hound's corpse disappears in a puff of smoke!
You continue putting on your amulet of faith.
You are engulfed in a cloud of scalding steam.
You continue putting on your amulet of faith.
You are engulfed in a cloud of scalding steam.
The steam dragon bites you but does no damage.
The steam dragon closely misses you.
You finish putting on your amulet of faith.
You feel a surge of divine interest.
B - an amulet of faith (around neck)
You closely miss the steam dragon. The steam dragon closely misses you.
The steam dragon barely misses you.
Casting: Summon Guardian Golem (dangerous; 6% risk of failure)
Confirm with . or Enter, or press ? or * to list all spells.
The steam dragon breathes steam at you. The ball of steam hits you!
* * * LOW HITPOINT WARNING * * *
Casting: Call Canine Familiar (safe; 1% risk of failure)
Confirm with . or Enter, or press ? or * to list all spells.
A guardian golem appears, shielding your allies.
You are engulfed in a cloud of scalding steam.
* * * LOW HITPOINT WARNING * * *
Your hound closely misses the steam dragon.
The steam dragon breathes steam at you. The ball of steam hits you!!
You die...

#.......... ####.#h....##### ..
.....#.......... #.#
.#####......... .D# .# #.....#..
..# .# #.#)#.#.### ..# .#
#.#.......# §.##.##.# ##
.#####.#.#...#.###..##....# #..
.[..##.#.#...#§.@D9.......# #.#
###.##.#.#.....§..h..##...# #.#
#.##...#..######........# #.#
#.##...#..# #...###..###.##
#.##.#.#..######...###..##...##
###..........................#...
....##.#.##.#.####....##..##<..#5
.#.###.#.##.#.# #..<.....###.##.
.#.###...>#.#.#####...##.## #.##.


You could see a steam dragon (catching breath, ally target), a friendly guardian
golem (summoned) and a friendly hound (summoned, sheltered).

Vanquished Creatures
  A phantom (D:5)
  Blork the orc (D:5)
  A bullfrog (D:6)
  A necrophage (D:6)
  A hound (D:6)
  An iguana (D:6)
  An orc wizard (D:5)
  4 gnolls (D:6)
  2 adders
  2 ufetubi
  5 orcs
  2 endoplasms (D:2)
  5 hobgoblins
  A jackal (D:4)
  3 quokkas
  3 ball pythons
  3 frilled lizards
  4 goblins
  3 kobolds
  2 rats
46 creatures vanquished.

Vanquished Creatures (collateral kills)
  A black bear (D:6)
  An ice beast (D:5)
  2 orc priests
  2 iguanas
  Natasha (thrice) (D:2)
  Ijyb (D:3)
  Robin (D:4)
  An adder (D:2)
  An ufetubus (D:4)
  A dart slug (D:4)
  17 orcs
  A ball python (D:1)
  3 bats
  5 endoplasms
  2 giant cockroaches
  7 goblins (D:4)
  5 hobgoblins
  3 jackals
  4 kobolds
  A quokka (D:1)
  2 frilled lizards
  A rat (D:2)
65 creatures vanquished.

Vanquished Creatures (others)
  A centaur (D:5)
  An orc (D:5)
  A goblin (D:4)
  2 fungi (D:2)
  6 plants (D:2)
11 creatures vanquished.

Grand Total: 122 creatures vanquished

Notes
Turn   | Place    | Note
-------+----------+-------------------------------------------
     0 | D:1      | javelincjr the Gnoll Summoner began the quest for the Orb.
     0 | D:1      | Reached XP level 1. HP: 13/13 MP: 6/6
   167 | D:1      | Reached XP level 2. HP: 8/19 MP: 5/7
   170 | D:1      | Learned a level 2 spell: Call Imp
  1739 | D:2      | Reached skill level 5 in Spellcasting
  1739 | D:2      | Reached XP level 3. HP: 25/25 MP: 7/9
  1743 | D:2      | Learned a level 3 spell: Call Canine Familiar
  1959 | D:2      | Noticed Natasha
  1975 | D:2      | Killed Natasha
  1976 | D:2      | Reached skill level 1 in Fighting
  1976 | D:2      | Reached skill level 1 in Short Blades
  1976 | D:2      | Reached skill level 1 in Long Blades
  1976 | D:2      | Reached skill level 1 in Axes
  1976 | D:2      | Reached skill level 1 in Maces & Flails
  1976 | D:2      | Reached skill level 1 in Polearms
  1976 | D:2      | Reached skill level 1 in Staves
  1976 | D:2      | Reached skill level 1 in Ranged Weapons
  1976 | D:2      | Reached skill level 1 in Throwing
  1976 | D:2      | Reached skill level 1 in Armour
  1976 | D:2      | Reached skill level 1 in Shields
  1976 | D:2      | Reached skill level 1 in Unarmed Combat
  1976 | D:2      | Reached skill level 1 in Invocations
  1976 | D:2      | Reached skill level 1 in Evocations
  2006 | D:2      | Noticed Natasha
  2024 | D:2      | Killed Natasha
  2025 | D:2      | Reached XP level 4. HP: 8/32 MP: 2/11
  2094 | D:2      | Noticed Natasha
  2097 | D:2      | Killed Natasha
  2098 | D:2      | Reached skill level 1 in Conjurations
  2098 | D:2      | Reached skill level 1 in Hexes
  2098 | D:2      | Reached skill level 1 in Necromancy
  2098 | D:2      | Reached skill level 1 in Translocations
  2098 | D:2      | Reached skill level 1 in Transmutations
  2098 | D:2      | Reached skill level 1 in Fire Magic
  2098 | D:2      | Reached skill level 1 in Ice Magic
  2098 | D:2      | Reached skill level 1 in Air Magic
  2098 | D:2      | Reached skill level 1 in Earth Magic
  2098 | D:2      | Reached skill level 1 in Poison Magic
  2483 | D:2      | Found a faded altar of an unknown god.
  2505 | D:2      | Prayed at the altar of an unknown god.
  2505 | D:2      | Became a worshipper of Elyvilon the Healer
  2505 | D:2      | Reached * piety under Elyvilon
  2601 | D:2      | Reached XP level 5. HP: 37/37 MP: 9/12
  2703 | D:2      | Learned a level 3 spell: Summon Guardian Golem
  3019 | D:3      | Found a hide-covered altar of Uskayaw.
  3316 | D:3      | Reached ** piety under Elyvilon
  3323 | D:3      | Noticed Ijyb
  3343 | D:3      | Killed Ijyb
  3720 | D:3      | Found an iron altar of Okawaru.
  4263 | D:4      | Noticed Robin
  4277 | D:4      | Reached XP level 6. HP: 42/44 MP: 7/13
  4324 | D:4      | Killed Robin
  4457 | D:4      | Reached skill level 5 in Dodging
  5148 | D:5      | Entered Level 5 of the Dungeon
  5163 | D:5      | Reached *** piety under Elyvilon
  5344 | D:5      | Reached XP level 7. HP: 28/51 MP: 7/15
  5524 | D:5      | Learned a level 3 spell: Inner Flame
  5642 | D:5      | Was placed under penance by Elyvilon
  6032 | D:5      | Reached skill level 5 in Stealth
  6163 | D:5      | Identified the amulet "Kadaal Rel" {Spirit Harm Int-2 Dex+6
                  | Slay+6 SInv}
  6206 | D:5      | Noticed Blork the orc
  6222 | D:5      | Killed Blork the orc
  6222 | D:5      | Fell from the grace of Elyvilon
  6570 | D:6      | Found a shimmering blue altar of Sif Muna.
  6575 | D:6      | Became a worshipper of Sif Muna the Loreminder
  6593 | D:6      | Reached XP level 8. HP: 58/58 MP: 8/16
  6646 | D:6      | Found Zin's Purification Station.
  6980 | D:6      | Killed from afar by a steam dragon

Illustrated notes

Levels and vault maps discovered:
D:1:      noname_arrival_rooms_in_the_neighbourhood, layout_basic
D:2:      layout_basic, dreamdust_ecumenical_altar_grove, minmay_misc_feat_rows,
          kennysheep_crisscross, minmay_pentomino_p4, uniq_natasha
D:3:      layout_basic, okawaru_metal_pillars_1_2,
          mainiacjoe_overflow_small_starburst, minmay_parallelograms,
          minmay_misc_feat_more_columns, uniq_ijyb
D:4:      layout_loops_ring, grunt_ministairs_15, uniq_robin
D:5:      layout_basic, uniq_blork_the_orc
D:6:      layout_loops_ring, nicolae_sif_muna_little_library, zin_purify

Skill      XL: |  1  2  3  4  5  6  7  8 |
---------------+-------------------------+-----
Spellcasting   | 5 6 |  6.0
Fighting       | 1 2 3 |  3.2
Short Blades   | 1 2 3 |  3.2
Long Blades    | 1 2 3 |  3.2
Axes           | 1 2 3 |  3.2
Maces & Flails | 1 2 3 |  3.2
Polearms       | 1 2 3 |  3.2
Staves         | 1 2 3 |  3.2
Ranged Weapons | 1 2 3 |  3.2
Throwing       | 1 2 3 |  3.2
Armour         | 1 2 3 |  3.2
Shields        | 1 2 3 |  3.2
Unarmed Combat | 1 2 3 |  3.2
Invocations    | 1 2 3 |  3.5
Evocations     | 1 2 3 |  3.2
Conjurations   | 1 2 |  2.6
Hexes          | 1 2 |  2.6
Necromancy     | 1 2 |  2.6
Translocations | 1 2 |  2.6
Transmutations | 1 2 |  2.6
Fire Magic     | 1 2 |  2.6
Ice Magic      | 1 2 |  2.6
Air Magic      | 1 2 |  2.6
Earth Magic    | 1 2 |  2.6
Poison Magic   | 1 2 |  2.6
Dodging        | 5 |  5.6
Stealth        | 5 |  5.3
Summonings     | |  7.6

Action                   |  1- 3 |  4- 6 |  7- 9 || total
-------------------------+-------+-------+-------++-------
Melee: Rapier            |    64 |    60 |    24 ||   148
       Bite              |     7 |     5 |     2 ||    14
 Cast: Summon Small Mamm |    34 |    50 |    11 ||    95
       Call Imp          |     6 |     2 |     1 ||     9
       Call Canine Famil |       |    22 |    13 ||    35
       Summon Guardian G |       |    14 |     8 ||    22
       Inner Flame       |       |       |     9 ||     9
  Use: Scroll            |       |     1 |       ||     1
 Stab: Sleeping          |     2 |     4 |     3 ||     9
       Distracted        |       |       |     1 ||     1
Armor: Robe              |    12 |    30 |    10 ||    52
Dodge: Dodged            |    58 |    49 |    18 ||   125
